 Dungeon Crawl Stone Soup version 0.18.1-5-g4a78601 (webtiles) character file.

39859 Scarto the Blocker (level 13, -17/124 HPs)
             Began as a Minotaur Fighter on May 11, 2016.
             Was the Champion of Qazlal.
             Demolished by an ice devil (21 damage)
             ... while paralysed by an orc sorcerer
             ... on level 2 of the Orcish Mines.
             The game lasted 00:49:34 (16478 turns).

Scarto the Blocker (Minotaur Fighter)              Turns: 16478, Time: 00:49:34

Health: -17/124    AC: 17    Str: 24    XL:     13   Next: 71%
Magic:  15/15      EV:  2    Int:  5    God:    Qazlal [******]
Gold:   1122       SH:  0    Dex: 12    Spells: 0 memorised, 12 levels left

rFire  x . .     SeeInvis +     j - +2 mace "Scarto's Doom" {freeze, rElec rF- SInv}
rCold  + . .     Gourm    .     K - +0 plate armour
rNeg   . . .     Faith    .     c - +0 shield
rPois  .         Spirit   .     (helmet restricted)
rElec  +         Dismiss  .     s - +1 cloak
rCorr  +         Reflect  +     J - +0 pair of gloves
SustAt .         Harm     .     z - +0 pair of boots
MR     +....     Clarity  +     E - +6 amulet of reflection
Stlth  ..........               N - ring of resist corrosion
                                v - ring of see invisible

@: paralysed, protected from cold, repel missiles, drained, somewhat resistant
to hostile enchantments, extremely unstealthy
A: retaliatory headbutt, horns 2, clarity, deformed body, magic resistance 1,
MP-powered wands
a: Upheaval, Elemental Force, Disaster Area, Renounce Religion


You were on level 2 of the Orcish Mines.
You worshipped Qazlal.
Qazlal was exalted by your worship.
You were not hungry.

You visited 2 branches of the dungeon, and saw 16 of its levels.

You collected 1668 gold pieces.
You spent 546 gold pieces at shops.

Inventory:

Hand Weapons
 a - a +2 war axe
 j - the +2 mace "Scarto's Doom" (weapon) {freeze, rElec rF- SInv}
   (You found it on level 2 of the Orcish Mines)

   It has been specially enchanted to freeze those struck by it, causing extra
   injury to most foes and up to half again as much damage against particularly
   susceptible opponents.
   It can also slow down cold-blooded creatures.
   It makes you vulnerable to fire.
   It insulates you from electricity.
   It lets you see invisible.
Missiles
 e - 4 steel javelins (quivered)
 M - 20 tomahawks
Armour
 c - a +0 shield (worn)
 s - a +1 cloak (worn)
 z - a +0 pair of boots (worn)
 J - a +0 pair of gloves (worn)
 K - a +0 plate armour (worn)
Jewellery
 h - an uncursed ring of flight
 m - an uncursed ring of ice
 v - a ring of see invisible (left hand)
 E - a +6 amulet of reflection (around neck)
 N - a ring of resist corrosion (right hand)
Scrolls
 b - 6 scrolls of identify
 f - 2 scrolls of teleportation
 n - 6 scrolls of remove curse
 p - 2 scrolls of amnesia
 u - 2 scrolls of fear
 y - 2 scrolls of magic mapping
Potions
 g - 4 potions of flight
 o - 2 potions of invisibility
 r - 2 potions of brilliance
 C - a potion of cancellation
Books
 i - a book of Necromancy

   Spells                             Type                      Level
   a - Pain                           Necromancy                   1
   b - Animate Skeleton               Necromancy                   1
   c - Vampiric Draining              Necromancy                   3
   d - Regeneration                   Charms/Necromancy            3
   e - Animate Dead                   Necromancy                   4
   f - Control Undead                 Necromancy                   4
Comestibles
 l - 6 meat rations
 w - 2 bread rations
 B - 5 beef jerkies
 D - 3 royal jellies
 F - 8 slices of pizza


   Skills:
 + Level 14.0(13.6) Fighting
 + Level 13.9(13.6) Axes
 + Level 1.3(9.0) Maces & Flails
 + Level 14.0(13.6) Armour
 + Level 14.2(13.8) Shields
 + Level 4.1(3.8) Invocations


You had 12 spell levels left.
You didn't know any spells.

Dungeon Overview and Level Annotations

Branches:
Dungeon (14/15)            Temple (0/1) D:6            Lair (0/8) D:10
    Orc (2/2) D:9             Elf (0/3) Orc:2
 Vaults: D:13-14

Altars:
Cheibriados
Dithmenos
Elyvilon
Gozag
Kikubaaqudgha
Nemelex Xobeh
Okawaru
Pakellas
Qazlal
Ru
Vehumet
Beogh

Shops:
D:8 =   Orc:2 %!


Innate Abilities, Weirdness & Mutations

You reflexively headbutt those who attack you in melee.
You have a pair of horns on your head.
You possess an exceptional clarity of mind.
Armour fits poorly on your strangely shaped body.
You are resistant to hostile enchantments.
You expend magic power (3 MP) to strengthen your wands.


Message History

You block the ice devil's attack. The orc sorcerer barely misses you.
The sun demon barely misses you.
You hit the orc sorcerer. You freeze the orc sorcerer.
The orc sorcerer is lightly wounded.
The ice devil hits you but does no damage.
The orc sorcerer casts a spell at you.
You suddenly lose the ability to move!
The sun demon completely misses you.
The ice devil hits you but does no damage.
The sun demon hits you but does no damage.
The orc sorcerer points at you and mumbles some strange words.
The bolt of fire hits you! The fire burns you terribly!
Your resistance to physical damage fades away.
You feel protected from fire.
* * * LOW HITPOINT WARNING * * *
The ice devil hits you.
* * * LOW HITPOINT WARNING * * *
The ice devil freezes you!!
Your resistance to fire fades away.
You feel protected from cold.
You die...

###.......................
# #........[.............
# #........#)....[.......
##.......[[[[..#...##...
##.........#[..###).## .
#.#.......##..#####).##
.....#....######.###))##
#.#.####.## #4o.###[)##
##### ### #§#@#.###..##
#.o3#.§.###).##
#.o3###...###..## ## #..o#
##...###..## .## #...#
##).......## ..# ...#
##...#....## ..# #.#
##).).#...## ..# ..
##.....#.∩## ##
##..#.....#


You could see an orc knight, a sun demon, an ice devil, a smoke demon, an orc
sorcerer, an orc warrior and an orc priest.

Vanquished Creatures
  Maud (Orc:1)
  2 orc warlords (Orc:2)
  Harold (Orc:1)
  A centaur warrior (D:14)
  Urug (D:11)
  2 orc high priests (Orc:2)
  5 hill giants
  An unseen horror (D:12)
  5 orc knights
  A cyclops (D:12)
  2 orc sorcerers (Orc:2)
  2 ugly things
  A sixfirhy (Orc:2)
  A manticore (D:13)
  2 slime creatures (D:12)
  A deep elf mage (Orc:2)
  Maurice (Orc:1)
  An ice statue (D:11)
  5 centaur skeletons
  A kobold demonologist (D:12)
  An efreet (D:13)
  A komodo dragon (D:10)
  A hellwing (Orc:2)
  5 trolls
  A two-headed ogre (D:13)
  5 yaks (D:11)
  A wraith (D:12)
  A wyvern (D:13)
  A human (D:7)
  2 vampire mosquitoes (D:12)
  2 hippogriffs (D:13)
  Menkaure (D:4)
  A soldier ant (D:12)
  2 chaos spawn (Orc:2)
  14 wargs
  2 mottled dragons (D:13)
  3 water moccasins
  Duvessa (D:7)
  52 orc warriors
  2 ice beasts
  2 wasps (D:12)
  2 sky beasts
  2 black bears
  A necrophage (D:12)
  2 phantoms (D:10)
  8 ogres
  7 centaurs
  4 big kobolds
  A crocodile (D:13)
  7 giant frogs
  A water moccasin zombie (D:8)
  2 wyvern skeletons
  3 scorpions
  Dowan (D:7)
  17 killer bees
  17 wights
  5 howler monkeys
  10 crimson imps
  7 centaur zombies
  A giant frog zombie (D:8)
  5 jellies
  A quasit (D:9)
  2 giant frog skeletons (D:13)
  31 orc priests
  4 hounds
  Crazy Yiuf (D:2)
  33 orc wizards
  Jessica (D:2)
  12 worker ants
  5 iguanas
  4 sheep (D:7)
  A hound skeleton (D:5)
  Robin (D:2)
  3 gnolls (D:4)
  13 adders
  3 shadow imps
  An adder skeleton (D:4)
  3 worms
  A dart slug (D:2)
  8 giant geckos
  95 orcs
  2 ball pythons
  9 bats
  3 giant cockroaches
  13 goblins
  17 hobgoblins
  2 jackals (D:5)
  24 kobolds
  5 quokkas
  A giant cockroach zombie (D:5)
  6 giant newts
  A jackal skeleton (D:7)
  9 rats
  A plant (D:10)
557 creatures vanquished.

Vanquished Creatures (collateral kills)
  A giant frog (D:8)
  An iguana (D:8)
2 creatures vanquished.

Vanquished Creatures (others)
  Psyche (D:8)
  An orc warrior (Orc:2)
  2 plants (D:10)
4 creatures vanquished.

Grand Total: 563 creatures vanquished

Notes
Turn   | Place    | Note
--------------------------------------------------------------
     0 | D:1      | Scarto the Minotaur Fighter began the quest for the Orb.
     0 | D:1      | Reached XP level 1. HP: 19/19 MP: 0/0
    44 | D:1      | Reached XP level 2. HP: 15/27 MP: 1/1
   553 | D:1      | Reached XP level 3. HP: 23/33 MP: 2/2
   947 | D:2      | Noticed Jessica
   956 | D:2      | Killed Jessica
   956 | D:2      | Reached XP level 4. HP: 40/40 MP: 3/3
  1176 | D:2      | Noticed Robin
  1179 | D:2      | Reached XP level 5. HP: 30/47 MP: 4/4
  1188 | D:2      | Found a faded altar to an unknown god.
  1195 | D:2      | Killed Robin
  1567 | D:2      | Noticed Crazy Yiuf
  1571 | D:2      | Killed Crazy Yiuf
  1856 | D:3      | Reached skill level 5 in Fighting
  2015 | D:3      | Found an iron altar of Okawaru.
  2323 | D:3      | Reached skill level 5 in Armour
  2326 | D:3      | Reached XP level 6. HP: 41/56 MP: 5/5
  2670 | D:3      | Found an ancient bone altar of Kikubaaqudgha.
  2983 | D:4      | Reached skill level 5 in Shields
  3265 | D:4      | Found a radiant altar of Vehumet.
  3633 | D:4      | Noticed Menkaure
  3641 | D:4      | Killed Menkaure
  3641 | D:4      | Reached skill level 5 in Axes
  3641 | D:4      | Reached XP level 7. HP: 19/62 MP: 6/6
  3836 | D:4      | Found a snail-covered altar of Cheibriados.
  4023 | D:5      | Entered Level 5 of the Dungeon
  4199 | D:5      | Found an opulent altar of Gozag.
  4396 | D:5      | Found a stormy altar of Qazlal.
  4407 | D:5      | Became a worshipper of Qazlal Stormbringer
  4436 | D:5      | Found a shadowy altar of Dithmenos.
  4581 | D:5      | Reached XP level 8. HP: 49/71 MP: 7/7
  4654 | D:6      | Found a sparkling altar of Nemelex Xobeh.
  4742 | D:6      | Found a white marble altar of Elyvilon.
  5034 | D:6      | Found a staircase to the Ecumenical Temple.
  5181 | D:7      | Found Imudwoc's Magic Scroll Emporium.
  5347 | D:7      | Found a sacrificial altar of Ru.
  5760 | D:7      | Noticed Duvessa
  5760 | D:7      | Noticed Dowan
  5770 | D:7      | Killed Dowan
  5773 | D:7      | Killed Duvessa
  5773 | D:7      | Reached * piety under Qazlal
  5973 | D:7      | Reached XP level 9. HP: 68/81 MP: 8/8
  6111 | D:8      | Gained mutation: Your magical capacity is low (-10% MP). [potion of mutation]
  6111 | D:8      | Gained mutation: You expend magic power (3 MP) to strengthen your wands. [potion of mutation]
  6111 | D:8      | Gained mutation: You are resistant to hostile enchantments. [potion of mutation]
  6203 | D:8      | Gained mutation: You tend to lose your temper in combat. [mutagenic meat]
  6204 | D:8      | Gained mutation: Armour fits poorly on your strangely shaped body. [mutagenic meat]
  6497 | D:8      | Gained mutation: You are somewhat resistant to further mutation. [potion of mutation]
  6520 | D:8      | Found a sand-covered staircase.
  6568 | D:8      | Found Gushe's Jewellery Shoppe.
  6745 | D:8      | Noticed Psyche
  6753 | D:8      | Killed Psyche
  6765 | D:8      | Reached ** piety under Qazlal
  7423 | D:9      | Reached XP level 10. HP: 61/91 MP: 8/8
  8525 | D:9      | Reached *** piety under Qazlal
  8709 | D:9      | Found a staircase to the Orcish Mines.
  8866 | D:9      | Reached skill level 10 in Shields
  8931 | D:10     | Entered Level 10 of the Dungeon
  8949 | D:10     | Reached skill level 10 in Axes
  8952 | D:10     | Reached skill level 10 in Fighting
  8972 | D:10     | Found a staircase to the Lair.
  8983 | D:10     | Reached skill level 10 in Armour
  9535 | D:11     | Reached **** piety under Qazlal
  9550 | D:11     | Reached XP level 11. HP: 60/101 MP: 8/8
  9632 | D:11     | Noticed Urug
  9644 | D:11     | Killed Urug
  9682 | D:11     | Gained mutation: You possess an exceptional clarity of mind. [potion of mutation]
  9682 | D:11     | Lost mutation: You are somewhat resistant to further mutation. [potion of mutation]
  9682 | D:11     | Gained mutation: Your body sometimes deteriorates upon taking damage. [potion of mutation]
  9726 | D:11     | Noticed a hill giant
  9736 | D:11     | Killed a hill giant
  9818 | D:11     | Found an oddly glowing altar of Pakellas.
 10394 | D:12     | Paralysed by a wasp for 2 turns
 10825 | D:12     | Noticed an unseen horror
 10833 | D:12     | Killed an unseen horror
 11275 | D:12     | Noticed a hill giant
 11283 | D:12     | Killed a hill giant
 11309 | D:12     | Gained mutation: Scrolls take you a little longer to read. [mutagenic meat]
 11658 | D:12     | Noticed a green ugly thing
 11668 | D:12     | Killed a green ugly thing
 12104 | D:12     | Reached ***** piety under Qazlal
 12173 | D:13     | Noticed a purple ugly thing
 12179 | D:13     | Killed a purple ugly thing
 12179 | D:13     | Reached XP level 12. HP: 96/112 MP: 9/9
 13183 | D:14     | Noticed a centaur warrior
 13191 | D:14     | Killed a centaur warrior
 13295 | D:14     | Noticed a vault guard
 13297 | D:14     | Noticed a vault guard
 13297 | D:14     | Noticed a vault guard
 13300 | D:14     | Noticed a vault guard
 13303 | D:14     | Noticed a vault guard
 13305 | D:14     | Noticed a vault guard
 13305 | D:14     | Noticed a vault guard
 13520 | Orc:1    | Entered Level 1 of the Orcish Mines
 13522 | Orc:1    | Noticed Maurice
 13552 | Orc:1    | Killed Maurice
 13553 | Orc:1    | Found a roughly hewn altar of Beogh.
 13564 | Orc:1    | Noticed Harold
 13577 | Orc:1    | Killed Harold
 13697 | Orc:1    | Noticed Maud
 13730 | Orc:1    | Killed Maud
 13910 | Orc:2    | Entered Level 2 of the Orcish Mines
 13956 | Orc:2    | Noticed an orc high priest
 13982 | Orc:2    | HP: 3/115 [ice devil[an orc high priest] (9)]
 13987 | Orc:2    | Killed an orc high priest
 13990 | Orc:2    | Reached XP level 13. HP: 20/122 MP: 9/11
 14038 | Orc:2    | Found a staircase to the Elven Halls.
 14108 | Orc:2    | Reached skill level 1 in Invocations
 14512 | Orc:2    | Reached ****** piety under Qazlal
 15065 | Orc:2    | Found Huacsi's Distillery.
 15066 | Orc:2    | Found Tianoon's Food Shop.
 15156 | Orc:2    | Bought a potion of curing for 42 gold pieces
 15156 | Orc:2    | Bought a potion of heal wounds for 70 gold pieces
 15156 | Orc:2    | Bought a potion of curing for 42 gold pieces
 15156 | Orc:2    | Bought a potion of curing for 42 gold pieces
 15156 | Orc:2    | Bought a potion of cure mutation for 350 gold pieces
 15156 | Orc:2    | Lost mutation: Scrolls take you a little longer to read. [potion of cure mutation]
 15156 | Orc:2    | Lost mutation: Your body sometimes deteriorates upon taking damage. [potion of cure mutation]
 15156 | Orc:2    | Lost mutation: Your magical capacity is low (-10% MP). [potion of cure mutation]
 15156 | Orc:2    | Lost mutation: You tend to lose your temper in combat. [potion of cure mutation]
 15235 | Orc:2    | Found a radiant altar of Vehumet.
 15372 | Orc:2    | Noticed an orc warlord
 15384 | Orc:2    | Noticed an orc warlord
 15982 | Orc:2    | Killed an orc warlord
 15985 | Orc:2    | Killed an orc warlord
 16321 | Orc:2    | Got an encrusted mace
 16322 | Orc:2    | Identified the +2 mace "Scarto's Doom" {freeze, rElec rF- SInv} (You found it on level 2 of the Orcish Mines)
 16458 | Orc:2    | Reached skill level 1 in Maces & Flails
 16476 | Orc:2    | Paralysed by an orc sorcerer for 4 turns
 16477 | Orc:2    | HP: 6/124 [orc sorcerer/bolt of fire (28)]
 16478 | Orc:2    | Demolished by an ice devil

Skill      XL: |  1  2  3  4  5  6  7  8  9 10 11 12 13 |
---------------+----------------------------------------+-----
Shields        | 4 5 6 7 9 10 12 13 14 | 14.2
Fighting       | 4 5 6 8 9 10 12 13 14 | 14.0
Axes           | 3 4 5 6 7 9 10 12 13 | 13.9
Armour         | 4 5 6 7 9 10 12 13 14 | 14.0
Invocations    | 4 |  4.1
Maces & Flails | 1 |  1.3

Action                   |  1- 3 |  4- 6 |  7- 9 | 10-12 | 13-15 || total
-------------------------+-------+-------+-------+-------+-------++-------
Melee: War axe           |    80 |   169 |   293 |   799 |   329 ||  1670
       Headbutt          |    13 |    26 |    67 |   202 |    86 ||   394
       Mace              |       |       |       |       |    39 ||    39
Throw: Javelin           |       |       |       |       |     4 ||     4
Invok: Elemental Force   |       |       |       |     1 |       ||     1
 Abil: Evoke Flight      |       |       |       |     1 |       ||     1
  Use: Scroll            |       |     7 |     5 |    13 |     8 ||    33
       Potion            |       |       |    12 |    13 |     7 ||    32
 Stab: Fleeing           |       |       |       |       |     1 ||     1
  Eat: Chunk             |       |     5 |     3 |     1 |       ||     9
       Bread ration      |       |     1 |     2 |     4 |     2 ||     9
       Pizza             |       |       |     2 |       |       ||     2
       Fruit             |       |       |     5 |       |       ||     5
       Meat ration       |       |       |     1 |       |       ||     1
Armor: Scale mail        |    36 |    61 |   100 |    19 |       ||   216
       Plate armour      |       |       |       |   176 |    48 ||   224
Dodge: Dodged            |    27 |    52 |   100 |   101 |    37 ||   317
       Deflected         |       |       |       |     3 |     4 ||     7
Block: Shield            |    53 |    91 |   182 |   802 |   358 ||  1486
       Reflection        |       |       |       |    28 |    17 ||    45
